 Dungeon Crawl Stone Soup version 0.29.0-11-gd7f09526c8 (webtiles) character file.

Game seed: 399824105276276465

6 Zeldest the Ruffian (level 1, 0/24 HPs)
             Began as a Draconian Transmuter on Sept 5, 2022.
             Slain by an endoplasm (2 damage)
             ... on level 1 of the Dungeon.
             The game lasted 00:00:14 (136 turns).

Zeldest the Ruffian (Draconian Transmuter)           Turns: 136, Time: 00:00:15

Health: 0/24       AC: 20    Str: 12    XL:     1   Next: 75%
Magic:  2/3        EV:  2    Int: 13    God:
Gold:   12         SH:  0    Dex: 11    Spells: 3/4 levels left

rFire   . . .      SeeInvis .     - Unarmed
rCold   . . .      Faith    .   (no shield)
rNeg    . . .      Spirit   .   (body armour unavailable)
rPois   +          Reflect  .   (helmet currently unavailable)
rElec   .          Harm     .   (cloak currently unavailable)
rCorr   .          Rampage  .   (gloves currently unavailable)
Will    .....      NoTele   +   (boots currently unavailable)
Stlth   +.........              (no amulet)
HPRegen 0.08/turn               (no ring)
MPRegen 0.08/turn               (no ring)

@: tree-form, slowed, very slow
A: stationary, stasis, torment immunity, boosted hp, AC +4, unfitting armour,
(cold-blooded)
a: no special abilities


You were on level 1 of the Dungeon.
You were a tree.
You visited 1 branch of the dungeon, and saw 1 of its levels.

You collected 12 gold pieces.

Inventory:

Potions
 a - a potion of lignification
 b - a potion of flight {unknown}
 c - a potion of curing {unknown}


   Skills:
 + Level 1.3 Fighting
 + Level 1.9 Dodging
 + Level 3.0 Unarmed Combat
 + Level 2.1 Spellcasting
 + Level 2.1 Transmutations


You had 3 spell levels left.
You knew the following spells:

 Your Spells              Type           Power      Damage    Failure   Level
a - Beastly Appendage     Tmut           12%        N/A       11%         1

Your spell library contained the following spells:

 Spells                   Type           Power      Damage    Failure   Level
 Wereblood                Tmut           6%         N/A       16%         2
 Spider Form              Tmut/Pois      4%         N/A       43%         3
 Ice Form                 Ice/Tmut       4%         N/A       85%         4


Dungeon Overview and Level Annotations

Branches:
Dungeon (1/15)

Altars:


Innate Abilities, Weirdness & Mutations

You are a tree.
Your roots penetrate the ground, keeping you stationary.
You cannot be teleported.
You are immune to unholy pain and torment.
Your maximum health is greatly increased.
Your equipment is partially melded.
((Your plain brown scales are hard. (AC +4)))
You cannot fit into any form of body armour.
((You are cold-blooded and may be slowed by cold attacks.))


Message History

You fail to extend your transformation any further.
The giant cockroach bites you but does no damage. x2
You closely miss the giant cockroach. Your kick misses the giant cockroach.
Your punch misses the giant cockroach. The giant cockroach bites you.
You closely miss the giant cockroach. You claw the giant cockroach.
Your tail-slap misses the giant cockroach.
The giant cockroach is heavily wounded.
The giant cockroach bites you.
You hit the giant cockroach.
You kill the giant cockroach!
You hit the endoplasm.
The endoplasm is moderately wounded.
Your transformation is almost over.
The endoplasm freezes you.
You are frozen.
You feel yourself slow down.
You hit the endoplasm. Your kick misses the endoplasm.
The endoplasm is heavily wounded.
The endoplasm barely misses you.
You hit the endoplasm but do no damage.
The endoplasm is heavily wounded.
The endoplasm freezes you.
You are frozen.
* * * LOW HITPOINT WARNING * * *
You feel as though you will be slow longer.
The endoplasm freezes you.
You are frozen.
* * * LOW HITPOINT WARNING * * *
You hit the endoplasm.
You kill the endoplasm!
The giant cockroach barely misses you.
Really quaff the potion of lignification?
Your horns disappear.
Your talons disappear.
You turn into a tree.
Your roots penetrate the ground.
The giant cockroach bites you but does no damage. x2
You smack the giant cockroach!
You kill the giant cockroach!
You hit the endoplasm.
The endoplasm is almost dead.
The endoplasm hits you.
You die...

## . .# #.#
###########.#
#..........# #
#†########♣#.#
#.# ##
#J#.##.#
#######.#
#...##......#
........#
#........####
#########
#...#.#.......
##. #. ......#
# ## ..###.#
... . ..##


You could see an endoplasm.

Vanquished Creatures
  An endoplasm (D:1)
  3 giant cockroaches (D:1)
  A bat (D:1)
5 creatures vanquished.

Notes
Turn   | Place    | Note
-------+----------+-------------------------------------------
     0 | D:1      | Zeldest the Draconian Transmuter began the quest for the
                  | Orb.
     0 | D:1      | Reached XP level 1. HP: 16/16 MP: 3/3
   136 | D:1      | Slain by an endoplasm

Illustrated notes

Levels and vault maps discovered:
D:1:      heliophobic_arrival_glass_houses, layout_loops_ring

Action                   || total
-------------------------++-------
Melee: Unarmed           ||    15
       Kick              ||     1
       Tailslap          ||     1
 Cast: Beastly Appendage ||     3
  Use: Potion            ||     1
Armor: Skin              ||     7
Dodge: Dodged            ||    11
